| TOP OF THE 1ST |
|
Rochester Red Wings batting - Pitching for Salt Lake Bees : LHP Nigel Turner
|
|
Pitching: LHP Nigel Turner
|
|
|
Batting: RHB Hildo Pot
|
0-0: Ball 1-0: Ball 2-0: Called Strike 2-1: SOLO HOME RUN (Flyball, 9D, EV 95.0 MPH), Distance : 359 ft
|
|
Batting: RHB Eric Narrow
|
0-0: Called Strike 0-1: Ball 1-1: Called Strike 1-2: Foul Ball, location: 2F 1-2: Strikes out swinging
|
|
Batting: RHB Michel Martineau
|
0-0: Called Strike 0-1: Ball 1-1: Ground out 6-3 (Groundball, 6, EV 88.1 MPH)
|
|
Batting: RHB Jimmy Buzard
|
0-0: Swinging Strike 0-1: Ball 1-1: Foul Ball, location: 2F 1-2: Ground out 6-3 (Groundball, 6, EV 78.8 MPH)
|
| Top of the 1st over - 1 run, 1 hit, 0 errors, 0 left on base; Rochester 1 - Salt Lake 0 |
| BOTTOM OF THE 1ST |
|
Salt Lake Bees batting - Pitching for Rochester Red Wings : LHP Brett Grijalva
|
|
Pitching: LHP Brett Grijalva
|
|
|
Batting: RHB Mike Harkins
|
0-0: Called Strike 0-1: Called Strike 0-2: Foul Ball, location: 2F 0-2: Strikes out swinging
|
|
Batting: RHB Justin Lauderdale
|
0-0: Called Strike 0-1: Called Strike 0-2: Ball 1-2: Foul Ball, location: 2F 1-2: Ground out 4-3 (Groundball, 34, EV 89.4 MPH)
|
|
Batting: RHB Andres Mendiola
|
0-0: Ball 1-0: Ball 2-0: Called Strike 2-1: Foul Ball, location: 2F 2-2: Ground out 4-3 (Groundball, 4, EV 88.8 MPH)
|
| Bottom of the 1st over - 0 runs, 0 hits, 0 errors, 0 left on base; Rochester 1 - Salt Lake 0 |
| TOP OF THE 2ND |
|
Rochester Red Wings batting - Pitching for Salt Lake Bees : LHP Nigel Turner
|
|
Batting: RHB Jesse Scott
|
0-0: Called Strike 0-1: Ball 1-1: Swinging Strike 1-2: Ball 2-2: Strikes out swinging
|
|
Batting: RHB Aaron Trotman
|
0-0: Foul Ball, location: 2F 0-1: Ball 1-1: Ball 2-1: Ball 3-1: Foul Ball, location: 2F 3-2: Base on Balls
|
|
Batting: RHB Cesar Yega
|
0-0: Ball Passed Ball! Aaron Trotman to second 1-0: DOUBLE (Line Drive, 7LM, EV 104.4 MPH) Aaron Trotman scores
|
|
Batting: RHB Mario Taureda
|
0-0: Fly out, F8 (Flyball, 8LM, EV 93.1 MPH)
|
|
Batting: RHB Bobby Blanchard
|
0-0: Ball 1-0: Called Strike 1-1: Foul Ball, location: 2F 1-2: Ball 2-2: Strikes out swinging
|
| Top of the 2nd over - 1 run, 1 hit, 0 errors, 1 left on base; Rochester 2 - Salt Lake 0 |
| BOTTOM OF THE 2ND |
|
Salt Lake Bees batting - Pitching for Rochester Red Wings : LHP Brett Grijalva
|
|
Batting: LHB Matt Patnaude
|
0-0: Called Strike 0-1: Called Strike 0-2: Foul Ball, location: 2F 0-2: Foul Ball, location: 2F 0-2: Foul Ball, location: 2F 0-2: Ball 1-2: Strikes out swinging
|
|
Batting: RHB Reginald McDougall
|
0-0: Ball 1-0: Called Strike 1-1: Ground out 1-3 (Groundball, 15S, EV 65.6 MPH)
|
|
Batting: RHB Guillermo Mojica
|
0-0: Ground out 4-3 (Groundball, 4M, EV 93.8 MPH)
|
| Bottom of the 2nd over - 0 runs, 0 hits, 0 errors, 0 left on base; Rochester 2 - Salt Lake 0 |
| TOP OF THE 3RD |
|
Rochester Red Wings batting - Pitching for Salt Lake Bees : LHP Nigel Turner
|
|
Batting: RHB Hildo Pot
|
0-0: Ball 1-0: Ground out 1-3 (Groundball, 13S, EV 71.2 MPH)
|
|
Batting: RHB Eric Narrow
|
0-0: Called Strike 0-1: Ground out U3 (Groundball, 34, EV 94.4 MPH)
|
|
Batting: RHB Michel Martineau
|
0-0: Ball 1-0: Called Strike 1-1: DOUBLE (Groundball, 5L, EV 101.2 MPH)
|
|
Batting: RHB Jimmy Buzard
|
0-0: Foul Ball, location: 2F 0-1: Ball 1-1: Swinging Strike 1-2: 2-RUN HOME RUN (Flyball, 9D, EV 96.9 MPH), Distance : 361 ft
|
|
Batting: RHB Jesse Scott
|
0-0: Ball 1-0: Ball 2-0: Swinging Strike 2-1: Foul Ball, location: 2F 2-2: SINGLE (Groundball, 4M, EV 108.1 MPH) (infield hit)
|
|
Batting: RHB Aaron Trotman
|
0-0: Called Strike Jesse Scott steals 2nd base (no throw) 0-1: Ball 1-1: SINGLE (Groundball, 6D, EV 104.4 MPH) Jesse Scott to third Runner from 3rd tries for Home, SAFE, throw by CF to home
|
|
Pitching: LHP Brennan Duncan
|
|
|
Batting: RHB Cesar Yega
|
0-0: Ball 1-0: Called Strike 1-1: Ball 2-1: Fly out, F7 (Flyball, 7D, EV 107.5 MPH)
|
| Top of the 3rd over - 3 runs, 4 hits, 0 errors, 1 left on base; Rochester 5 - Salt Lake 0 |
| BOTTOM OF THE 3RD |
|
Salt Lake Bees batting - Pitching for Rochester Red Wings : LHP Brett Grijalva
|
|
Batting: RHB Cesar Ortega
|
0-0: Swinging Strike 0-1: Foul Ball, location: 2F 0-2: Ball 1-2: Ball 2-2: Strikes out swinging
|
|
Batting: SHB Ivan Barry
|
0-0: Called Strike 0-1: Called Strike 0-2: Strikes out swinging
|
|
Batting: RHB Ryan Marler
|
0-0: Ball 1-0: Called Strike 1-1: Ball 2-1: Ball 3-1: Base on Balls
|
|
Batting: RHB Mike Harkins
|
0-0: Foul Ball, location: 2F 0-1: Fly out, F7 (Flyball, 7, EV 93.8 MPH)
|
| Bottom of the 3rd over - 0 runs, 0 hits, 0 errors, 1 left on base; Rochester 5 - Salt Lake 0 |
| TOP OF THE 4TH |
|
Rochester Red Wings batting - Pitching for Salt Lake Bees : LHP Brennan Duncan
|
|
Batting: RHB Mario Taureda
|
0-0: Ball 1-0: Called Strike 1-1: Ball 2-1: Foul Ball, location: 2F 2-2: Foul Ball, location: 2F 2-2: Ball 3-2: Ground out 4-3 (Groundball, 4, EV 86.2 MPH)
|
|
Batting: RHB Bobby Blanchard
|
0-0: Foul Ball, location: 2F 0-1: Ball 1-1: Ball 2-1: Ground out 5-3 (Groundball, 56S, EV 86.2 MPH)
|
|
Batting: RHB Hildo Pot
|
0-0: Ball 1-0: Ball 2-0: Called Strike 2-1: Ball 3-1: Fly out, F8 (Flyball, 8LD, EV 90.0 MPH)
|
| Top of the 4th over - 0 runs, 0 hits, 0 errors, 0 left on base; Rochester 5 - Salt Lake 0 |
| BOTTOM OF THE 4TH |
|
Salt Lake Bees batting - Pitching for Rochester Red Wings : LHP Brett Grijalva
|
|
Batting: RHB Justin Lauderdale
|
0-0: Ground out 6-3 (Groundball, 6, EV 89.4 MPH)
|
|
Batting: RHB Andres Mendiola
|
0-0: Foul Ball, location: 2F 0-1: Swinging Strike 0-2: Ball 1-2: Ball 2-2: Fly out, F6 (Line Drive, 6, EV 62.5 MPH)
|
|
Batting: LHB Matt Patnaude
|
0-0: Called Strike 0-1: Ball 1-1: Foul Ball, location: 2F 1-2: Ball 2-2: Ball 3-2: Fly out, F9 (Flyball, 9S, EV 72.5 MPH)
|
| Bottom of the 4th over - 0 runs, 0 hits, 0 errors, 0 left on base; Rochester 5 - Salt Lake 0 |
| TOP OF THE 5TH |
|
Rochester Red Wings batting - Pitching for Salt Lake Bees : LHP Brennan Duncan
|
|
Batting: RHB Eric Narrow
|
0-0: Ball 1-0: Ground out 6-3 (Groundball, 6S, EV 70.0 MPH)
|
|
Batting: RHB Michel Martineau
|
0-0: Ground out 4-3 (Groundball, 4, EV 76.9 MPH)
|
|
Batting: RHB Jimmy Buzard
|
0-0: Ball 1-0: Called Strike 1-1: Ball 2-1: Foul Ball, location: 2F 2-2: Ball 3-2: SINGLE (Groundball, 4MS, EV 86.9 MPH) (infield hit)
|
|
Batting: RHB Jesse Scott
|
0-0: Swinging Strike 0-1: Foul Ball, location: 2F 0-2: Ball 1-2: SINGLE (Groundball, 56S, EV 72.5 MPH) (infield hit) Jimmy Buzard to second
|
|
Batting: RHB Aaron Trotman
|
0-0: Called Strike 0-1: SINGLE (Flyball, 34D, EV 96.2 MPH) Jimmy Buzard to third Jesse Scott to second Runner from 3rd tries for Home, SAFE, throw by RF to home Jesse Scott to third Aaron Trotman to second
|
|
Batting: RHB Cesar Yega
|
0-0: Called Strike 0-1: Foul Ball, location: 2F 0-2: Foul Ball, location: 2F 0-2: Ball 1-2: Ball 2-2: Foul Ball, location: 2F 2-2: Fly out, F9 (Flyball, 9, EV 95.0 MPH)
|
| Top of the 5th over - 1 run, 3 hits, 0 errors, 2 left on base; Rochester 6 - Salt Lake 0 |
| BOTTOM OF THE 5TH |
|
Salt Lake Bees batting - Pitching for Rochester Red Wings : LHP Brett Grijalva
|
|
Batting: RHB Reginald McDougall
|
0-0: Called Strike 0-1: Ball 1-1: Ground out 6-3 (Groundball, 6, EV 90.0 MPH)
|
|
Batting: RHB Guillermo Mojica
|
0-0: SINGLE (Groundball, 3D, EV 95.0 MPH)
|
|
Batting: RHB Cesar Ortega
|
0-0: Ball 1-0: DOUBLE (Line Drive, 3D, EV 95.0 MPH) Guillermo Mojica to third
|
|
Batting: SHB Ivan Barry
|
0-0: Ball 1-0: Called Strike 1-1: Swinging Strike 1-2: SINGLE (Groundball, 6D, EV 96.9 MPH) Guillermo Mojica scores Cesar Ortega to third
|
|
Batting: RHB Ryan Marler
|
0-0: Ball 1-0: Grounds into double play, 5-4-3 (Groundball, 56, EV 108.8 MPH)
|
| Bottom of the 5th over - 1 run, 3 hits, 0 errors, 1 left on base; Rochester 6 - Salt Lake 1 |
| TOP OF THE 6TH |
|
Rochester Red Wings batting - Pitching for Salt Lake Bees : LHP Brennan Duncan
|
|
Batting: RHB Mario Taureda
|
0-0: Called Strike 0-1: SINGLE (Groundball, 56, EV 97.5 MPH)
|
|
Batting: RHB Bobby Blanchard
|
0-0: Grounds into double play, 4-6-3 (Groundball, 34, EV 86.2 MPH)
|
|
Batting: RHB Hildo Pot
|
0-0: Ball 1-0: SINGLE (Groundball, 6MD, EV 105.0 MPH)
|
|
Batting: RHB Eric Narrow
|
0-0: Called Strike 0-1: Ball 1-1: Fly out, F8 (Flyball, 8LD, EV 82.5 MPH)
|
| Top of the 6th over - 0 runs, 2 hits, 0 errors, 1 left on base; Rochester 6 - Salt Lake 1 |
| BOTTOM OF THE 6TH |
|
Salt Lake Bees batting - Pitching for Rochester Red Wings : LHP Brett Grijalva
|
|
Batting: RHB Mike Harkins
|
0-0: Ball 1-0: SOLO HOME RUN (Flyball, 89XD, EV 111.9 MPH), Distance : 424 ft
|
|
Batting: RHB Justin Lauderdale
|
0-0: Ball 1-0: Called Strike 1-1: Foul Ball, location: 2F 1-2: Ball 2-2: Ball 3-2: Strikes out swinging
|
|
Batting: RHB Andres Mendiola
|
0-0: Fly out, F5 (Line Drive, 5, EV 65.6 MPH)
|
|
Pitching: RHP Keeley Schenk
|
|
|
Batting: LHB Matt Patnaude
|
0-0: Called Strike 0-1: Ball 1-1: Ball 2-1: Called Strike 2-2: Ground out 4-3 (Groundball, 4, EV 90.6 MPH)
|
| Bottom of the 6th over - 1 run, 1 hit, 0 errors, 0 left on base; Rochester 6 - Salt Lake 2 |
| TOP OF THE 7TH |
|
Rochester Red Wings batting - Pitching for Salt Lake Bees : LHP Brennan Duncan
|
|
Pitching: LHP Matt Barr
|
|
|
Batting: RHB Michel Martineau
|
0-0: Called Strike 0-1: Foul Ball, location: 2F 0-2: Ball 1-2: Foul Ball, location: 2F 1-2: Ball 2-2: Ball 3-2: Foul Ball, location: 2F 3-2: Foul Ball, location: 2F 3-2: Foul Ball, location: 2F 3-2: Fly out, F8 (Line Drive, 8RM, EV 95.0 MPH)
|
|
Batting: RHB Jimmy Buzard
|
0-0: Foul Ball, location: 2F 0-1: Ball 1-1: Ball 2-1: Called Strike 2-2: DOUBLE (Flyball, 9LD, EV 106.9 MPH)
|
|
Batting: RHB Jesse Scott
|
0-0: Called Strike 0-1: Ball 1-1: Ball 2-1: Foul Ball, location: 2F 2-2: Ball 3-2: Fly out, F9 (Flyball, 9S, EV 88.1 MPH)
|
|
Batting: RHB Aaron Trotman
|
0-0: Ball 1-0: Ball 2-0: Ball 3-0: Base on Balls
|
|
Batting: RHB Cesar Yega
|
0-0: Fly out, F9 (Line Drive, 9, EV 93.8 MPH)
|
| Top of the 7th over - 0 runs, 1 hit, 0 errors, 2 left on base; Rochester 6 - Salt Lake 2 |
| BOTTOM OF THE 7TH |
|
Salt Lake Bees batting - Pitching for Rochester Red Wings : RHP Keeley Schenk
|
|
Batting: RHB Reginald McDougall
|
0-0: Ball 1-0: Foul Ball, location: 2F 1-1: Foul Ball, location: 2F 1-2: Ball 2-2: Foul Ball, location: 2F 2-2: Ball 3-2: Base on Balls
|
|
Batting: RHB Guillermo Mojica
|
0-0: Bunt missed! 0-1: Sac Bunt to 2L - play at first, batter OUT! 2-4 Reginald McDougall to second
|
|
Batting: RHB Cesar Ortega
|
0-0: Ball 1-0: Foul Ball, location: 2F 1-1: Foul Ball, location: 2F 1-2: Fly out, F6 (Flyball, 56D, EV 83.1 MPH)
|
|
Batting: SHB Ivan Barry
|
0-0: Ball 1-0: Ball 2-0: Foul Ball, location: 2F 2-1: Foul Ball, location: 2F 2-2: Strikes out looking
|
| Bottom of the 7th over - 0 runs, 0 hits, 0 errors, 1 left on base; Rochester 6 - Salt Lake 2 |
| TOP OF THE 8TH |
|
Rochester Red Wings batting - Pitching for Salt Lake Bees : LHP Matt Barr
|
|
Batting: RHB Mario Taureda
|
0-0: Ball 1-0: Ball 2-0: Ball 3-0: Called Strike 3-1: Fly out, F8 (Flyball, 8RXD, EV 88.1 MPH)
|
|
Batting: RHB Bobby Blanchard
|
0-0: Ball 1-0: Called Strike 1-1: Swinging Strike 1-2: Strikes out looking
|
|
Batting: RHB Hildo Pot
|
0-0: Called Strike 0-1: Ball 1-1: Ball 2-1: Called Strike 2-2: Ball 3-2: Base on Balls
|
|
Batting: RHB Eric Narrow
|
0-0: Called Strike 0-1: Ball 1-1: Ball 2-1: Called Strike 2-2: Ball 3-2: Base on Balls Hildo Pot to second
|
|
Batting: RHB Michel Martineau
|
0-0: Called Strike 0-1: Ball 1-1: Foul Ball, location: 2F 1-2: Ball 2-2: Fly out, F6 (Popup, 6M, EV 70.6 MPH)
|
| Top of the 8th over - 0 runs, 0 hits, 0 errors, 2 left on base; Rochester 6 - Salt Lake 2 |
| BOTTOM OF THE 8TH |
|
Salt Lake Bees batting - Pitching for Rochester Red Wings : RHP Keeley Schenk
|
|
Batting: RHB Ryan Marler
|
0-0: Swinging Strike 0-1: Foul Ball, location: 2F 0-2: Foul Ball, location: 2F 0-2: Ball 1-2: Strikes out looking
|
|
Batting: RHB Mike Harkins
|
0-0: Foul Ball, location: 2F 0-1: SOLO HOME RUN (Flyball, 78XD, EV 106.2 MPH), Distance : 416 ft
|
|
Batting: RHB Justin Lauderdale
|
0-0: Ball 1-0: Ball 2-0: Ball 3-0: Called Strike 3-1: SINGLE (Groundball, 6S, EV 71.2 MPH) (infield hit)
|
|
Batting: RHB Andres Mendiola
|
0-0: Ball 1-0: Swinging Strike 1-1: Ball 2-1: Called Strike 2-2: Ball 3-2: Grounds into double play, 6-4-3 (Groundball, 6M, EV 78.1 MPH)
|
| Bottom of the 8th over - 1 run, 2 hits, 0 errors, 0 left on base; Rochester 6 - Salt Lake 3 |
| TOP OF THE 9TH |
|
Rochester Red Wings batting - Pitching for Salt Lake Bees : LHP Matt Barr
|
|
Pitching: RHP Kirk Thacker
|
|
|
Batting: RHB Jimmy Buzard
|
0-0: Ball 1-0: Called Strike 1-1: Ball 2-1: SINGLE (Line Drive, 6M, EV 105.0 MPH)
|
|
Batting: RHB Jesse Scott
|
0-0: Ball 1-0: Ball 2-0: Called Strike 2-1: Ball 3-1: Fielders Choice at 2nd, 6-4 (Groundball, 6, EV 85.6 MPH)
|
|
Batting: RHB Aaron Trotman
|
0-0: Called Strike Jesse Scott steals 2nd, throwing error, E2 Jesse Scott to third 0-1: Ball 1-1: Intentional Walk
|
|
Batting: RHB Cesar Yega
|
0-0: Called Strike Aaron Trotman steals 2nd base 0-1: Ball 1-1: Called Strike 1-2: Foul Ball, location: 2F 1-2: Ball 2-2: Strikes out looking
|
|
Batting: RHB Mario Taureda
|
0-0: Ball 1-0: Ground out 3-1 (Groundball, 34, EV 101.2 MPH)
|
| Top of the 9th over - 0 runs, 1 hit, 1 error, 2 left on base; Rochester 6 - Salt Lake 3 |
| BOTTOM OF THE 9TH |
|
Salt Lake Bees batting - Pitching for Rochester Red Wings : RHP Keeley Schenk
|
|
Pitching: RHP Harry Pratt
|
|
|
Batting: LHB Matt Patnaude
|
0-0: Called Strike 0-1: SINGLE (Line Drive, 7S, EV 96.9 MPH)
|
|
Pinch Hitting: LHB Vinny Carreno
|
0-0: Called Strike 0-1: Ball 1-1: Ball 2-1: Foul Ball, location: 2F 2-2: Strikes out looking
|
|
Batting: RHB Guillermo Mojica
|
0-0: Called Strike 0-1: Foul Ball, location: 2F 0-2: DOUBLE (Flyball, 89D, EV 92.5 MPH) Matt Patnaude to third
|
|
Batting: RHB Cesar Ortega
|
0-0: Ball Wild Pitch! Matt Patnaude scores Guillermo Mojica to third 1-0: Called Strike 1-1: Foul Ball, location: 2F 1-2: Ball 2-2: Fly out, F9 (Flyball, 9LM, EV 84.4 MPH)
|
|
Batting: SHB Ivan Barry
|
0-0: Called Strike 0-1: SINGLE (Flyball, 3D, EV 100.6 MPH) Guillermo Mojica scores
|
|
Pinch Hitting: SHB Brendan Bundy
|
0-0: Called Strike 0-1: Ball 1-1: SINGLE (Groundball, 6MD, EV 102.5 MPH) Ivan Barry to second Runner from 2nd tries for 3rd, SAFE, throw by CF made at trailing runner, OUT! 8-4
|
| Bottom of the 9th over - 2 runs, 4 hits, 0 errors, 1 left on base; Rochester 6 - Salt Lake 5 |
|